 Dungeon Crawl Stone Soup version 0.24.0-41-g2ae2f7f1be (webtiles) character file.

Game seed: 9405063950684374768, levelgen mode: deterministic

228 Iamsoldier the Sneak (level 6, 0/42 HPs)
             Began as a Halfling Assassin on Dec 13, 2019.
             Succumbed to Crazy Yiuf's poison
             ... on level 3 of the Dungeon.
             The game lasted 00:04:58 (3982 turns).

Iamsoldier the Sneak (Halfling Assassin)            Turns: 3982, Time: 00:04:59

Health: 0/42       AC:  3    Str: 12    XL:     6   Next: 23%
Magic:  3/6        EV: 16    Int:  9    God:
Gold:   82         SH:  0    Dex: 21    Spells: 5/5 levels left

rFire    . . .     SeeInvis .   a - +2 dagger
rCold    . . .     Gourm    +   (shield restricted)
rNeg     . . .     Faith    .   b - +0 robe
rPois    .         Spirit   .   (no helmet)
rElec    .         Reflect  .   c - +0 cloak
rCorr    .         Harm     .   (no gloves)
MR       .....                  (no boots)
Stlth    +++.......             m - amulet of the gourmand
HPRegen  0.14/turn              l - +3 ring of dexterity
MPRegen  0.10/turn              (no ring)

@: lethally poisoned (0 -> -3)
A: small, mutation resistance 1
a: no special abilities


You were on level 3 of the Dungeon.
You were not hungry.

You visited 1 branch of the dungeon, and saw 3 of its levels.

You collected 82 gold pieces.

Inventory:

Hand Weapons
 a - a +2 dagger (weapon)
Missiles
 d - 8 poisoned darts (quivered)
 e - 2 curare-tipped darts
Armour
 b - a +0 robe (worn)
 c - a +0 cloak (worn)
Jewellery
 l - a +3 ring of dexterity (left hand)
 m - an amulet of the gourmand (around neck)
Wands
 j - a wand of digging (2)
Scrolls
 g - a scroll of fog {unknown}
 h - a scroll of enchant armour {unknown}
 i - a scroll of fear {unknown}
 o - 3 scrolls of identify
 p - a scroll of remove curse {unknown}
 r - 2 scrolls of noise {unknown}
Potions
 n - a potion of flight
Comestibles
 f - 8 rations
 k - 3 chunks of flesh


   Skills:
 * Level 3.4 Fighting
 * Level 4.6 Short Blades
 - Level 2.0 Throwing
 + Level 2.6 Dodging
 + Level 5.2 Stealth


You had 5 spell levels left.
You didn't know any spells.
Your spell library was empty.

Dungeon Overview and Level Annotations

Branches:
Dungeon (3/15)

Altars:


Innate Abilities, Weirdness & Mutations

You are small and have problems with some larger weapons.
You are somewhat resistant to further mutation.


Message History

You kill Crazy Yiuf!
* * * LOW HITPOINT WARNING * * *
You feel sick.
There is an open translucent door, spattered with blood here.
Things that are here:
a +2 quarterstaff of chaos; a +2 cloak
Okay, then.
Okay, then.
Evoke which item? (* to show all) (? for menu, Esc to quit)
Okay, then.
Okay, then.
* * * LOW HITPOINT WARNING * * *
You feel sick.
* * * LOW HITPOINT WARNING * * *
You feel sick.
There is an open translucent door, spattered with blood here.
Things that are here:
a +2 quarterstaff of chaos; a +2 cloak
Okay, then.
You die...

#...#.......#.#
#...
#....###......#
#... #....#
#..#...# #...
♣....♣
#..#...###...
♣♣...♣
#..#...'.....
♣♣.♣♣
####...###...
♣♣.♣ #...# #...
♣.♣♣ #...# #)..
♣♣@♣ ##### ####
♣.♣♣ ##)##
#...# #...#
#)..# #####


There were no monsters in sight!

Vanquished Creatures
  Crazy Yiuf (D:3)
  Jessica (D:3)
  3 adders
  7 gnolls (D:3)
  4 worms
  5 dart slugs
  An orc (D:3)
  A ball python (D:3)
  5 bats
  3 giant cockroaches
  6 goblins
  11 hobgoblins
  5 kobolds
  9 rats
62 creatures vanquished.

Notes
Turn   | Place    | Note
-------+----------+-------------------------------------------
     0 | D:1      | Iamsoldier the Halfling Assassin began the quest for the
                  | Orb.
     0 | D:1      | Reached XP level 1. HP: 14/14 MP: 1/1
    62 | D:1      | Reached XP level 2. HP: 19/19 MP: 2/2
   600 | D:1      | Reached XP level 3. HP: 22/24 MP: 3/3
  1528 | D:2      | Reached XP level 4. HP: 30/30 MP: 4/4
  1935 | D:3      | HP: 1/30 [gnoll/+0 spear (2)]
  2135 | D:3      | Reached XP level 5. HP: 16/36 MP: 5/5
  2357 | D:3      | Noticed Jessica
  2400 | D:3      | Killed Jessica
  2569 | D:3      | Reached skill level 5 in Stealth
  2626 | D:3      | HP: 1/36 [poisoned by an adder]
  3431 | D:3      | Found a runed translucent door.
  3432 | D:3      | Noticed Crazy Yiuf
  3489 | D:3      | Reached XP level 6. HP: 42/42 MP: 6/6
  3975 | D:3      | Killed Crazy Yiuf
  3976 | D:3      | HP: 2/42 [poisoned by Crazy Yiuf]
  3982 | D:3      | Succumbed to Crazy Yiuf's poison

Levels and vault maps discovered:
D:1:      dpeg_arrival_court, layout_basic
D:2:      layout_basic
D:3:      layout_basic, first_ration, uniq_crazy_yiuf_cottage, uniq_jessica

Skill      XL: |  1  2  3  4  5 |
---------------+----------------+-----
Fighting       | 2 3 |  3.4
Short Blades   | 3 4 |  4.6
Dodging        | 2 |  2.6
Stealth        | 5 |  5.2
Throwing       | |  2.0

Action                   |  1- 3 |  4- 6 || total
-------------------------+-------+-------++-------
Melee: Dagger            |    95 |   207 ||   302
  Use: Potion            |       |     7 ||     7
       Scroll            |       |     1 ||     1
 Stab: Sleeping          |     9 |     4 ||    13
  Eat: Chunk             |     2 |     4 ||     6
       Ration            |       |     1 ||     1
Armor: Robe              |    14 |    20 ||    34
       Skin              |       |    14 ||    14
Dodge: Dodged            |    59 |   120 ||   179
